 Dungeon Crawl Stone Soup version 0.31-a0-1010-g5322dac6a2 (webtiles) character file.

Game seed: 9288177080362572476

863 protoss039 the Digger (level 7, -2/51 HPs)
             Began as a Demonspawn Earth Elementalist on Nov 16, 2023.
             Slain by an acid dragon (7 damage)
             ... on level 5 of the Dungeon.
             The game lasted 00:07:53 (5105 turns).

protoss039 the Digger (DsEE)                        Turns: 5105, Time: 00:07:54

Health: -2/51      AC:  8    Str:  8    XL:     7   Next: 72%
Magic:  0/11       EV: 12    Int: 18    God:
Gold:   326        SH:  5    Dex: 14    Spells: 6/12 levels left

rFire   . . .        l - +1 short sword (drain)
rCold   . . .        h - +0 buckler
rNeg    . . .        g - +0 ring mail
rPois   .            (helmet restricted)
rElec   .            e - +0 cloak
rCorr   .            r - +1 pair of gloves
SInv    .            j - +2 pair of boots
Will    .....        (no amulet)
Stlth   ++           (no ring)
HPRegen 0.28/turn    (no ring)
MPRegen 0.12/turn

%: no passive effects
@: corroded, very slightly contaminated
A: horns 1, repulsion field 1, demonic guardian 1
a: no special abilities


You were on level 5 of the Dungeon.
You visited 1 branch of the dungeon, and saw 6 of its levels.

You collected 326 gold pieces.

Inventory:

Hand Weapons
 l - a +1 short sword of draining (weapon)
 s - a +1 dagger of freezing
Armour
 e - a +0 cloak (worn)
 g - a +0 ring mail (worn)
 h - a +0 buckler (worn)
 j - a +2 pair of boots (worn)
 r - a +1 pair of gloves (worn)
Scrolls
 a - 2 scrolls of enchant armour
 c - a scroll of teleportation
 f - a scroll of torment {unknown}
 i - 2 scrolls of fear {unknown}
 o - 2 scrolls of fog
 q - a scroll of noise {unknown}
Potions
 b - a potion of magic
 d - a potion of enlightenment {unknown}
 k - a potion of lignification {unknown}
 m - a potion of degeneration {unknown}
 n - a potion of invisibility {unknown}
 p - a potion of resistance {unknown}


   Skills:
 + Level 2.7 Fighting
 + Level 1.8 Short Blades
 * Level 2.9 Armour
 + Level 2.8 Dodging
 + Level 3.1 Stealth
 * Level 2.8 Shields
 + Level 3.2 Spellcasting
 * Level 2.3 Conjurations
 - Level 0.8 Transmutations
 + Level 3.6 Earth Magic


You had 6 spell levels left.
You knew the following spells:

 Your Spells              Type           Power      Damage    Failure   Level
a - Sandblast             Erth           32%        2d9       16%         1
b - Passwall              Tmut/Erth      9%         N/A       41%         2
c - Stone Arrow           Conj/Erth      26%        3d8       54%         3

Your spell library contained the following spells:

 Spells                   Type           Power      Damage    Failure   Level
 Dazzling Flash           Conj/Hex       14%        N/A       80%         3
 Volatile Blastmotes      Fire/Tloc      4%         2d10      91%         3
 Brom's Barrelling Bould  Conj/Erth      13%        2d4       91%         4
 Petrify                  Tmut/Erth      11%        N/A       96%         4
 Starburst                Conj/Fire      3%         6d3       100%        6
 Maxwell's Capacitive Co  Air            1%         ∞         100%        8


Dungeon Overview and Level Annotations

Branches:
Dungeon (6/15) Zot: 24891
 Temple: D:4-7

Altars:

Annotations:
D:6 Eustachio


Innate Abilities, Weirdness & Mutations

You have a pair of small horns on your head.
You are surrounded by a mild repulsion field. (EV +2)
A weak demonic guardian rushes to your aid.


Message History

Confirm with . or Enter, or press ? or * to list all spells.
Aiming: Sandblast (safe; 16% risk of failure)
Press: ? - help, Shift-Dir - straight line, f/p - acid dragon
Aim: an acid dragon (moderately wounded, ally target, 82% to hit)
You miscast Sandblast.
You are very lightly contaminated with residual magic.
Nothing appears to happen.
The acid dragon bites you.
* * * LOW HITPOINT WARNING * * *
The acid dragon claws you but does no damage.
Unknown command.
Casting: Sandblast (safe; 16% risk of failure)
Confirm with . or Enter, or press ? or * to list all spells.
Aiming: Stone Arrow (quite dangerous; 54% risk of failure)
Press: ? - help, Shift-Dir - straight line, f/p - acid dragon
Aim: an acid dragon (moderately wounded, ally target, 68% to hit)
You miscast Stone Arrow.
Nothing appears to happen.
The acid dragon closely misses you.
The acid dragon claws you but does no damage.
Your white imp gestures at the acid dragon.
The puff of frost hits the acid dragon!
Unknown command.
Casting: Stone Arrow (quite dangerous; 54% risk of failure)
Confirm with . or Enter, or press ? or * to list all spells.
Aiming: Stone Arrow (quite dangerous; 54% risk of failure)
Press: ? - help, Shift-Dir - straight line, f/p - acid dragon
Aim: an acid dragon (heavily wounded, ally target, 68% to hit)
You miscast Stone Arrow.
You feel a surge of energy from the ground.
The acid dragon spits acid at you. The splash of acid hits you.
* * * LOW HITPOINT WARNING * * *
Unknown command.
Unknown command.
Casting: Stone Arrow (quite dangerous; 54% risk of failure)
Confirm with . or Enter, or press ? or * to list all spells.
Aiming: Stone Arrow (quite dangerous; 54% risk of failure)
Press: ? - help, Shift-Dir - straight line, f/p - acid dragon
Aim: an acid dragon (heavily wounded, catching its breath, ally target, 68% to hit)
You miscast Stone Arrow.
Nothing appears to happen.
The acid dragon bites you!
You die...

##..#..#####..#####..#...
####......#..#......#..#
#...)..#[.#l.....#...
#####..#..#c.#####...
#.D....#..#..... #...
#......#..#......##.#
#..#####..#####..#...
#..D5.....)..)...#...
#...@............####
################# # #


You could see an acid dragon (catching breath, ally target) and a friendly white
imp (summoned).

Vanquished Creatures
  A water moccasin (D:5)
  2 ogres (D:5)
  A bullfrog (D:6)
  2 scorpions (D:5)
  A howler monkey (D:5)
  2 hounds (D:5)
  An orc priest (D:5)
  A sleepcap (D:5)
  2 orc wizards (D:5)
  A gnoll (D:5)
  4 adders
  An ufetubus (D:5)
  2 dart slugs
  8 orcs
  5 ball pythons
  4 bats
  5 endoplasms
  6 goblins
  7 hobgoblins
  7 kobolds
  4 quokkas
  4 frilled lizards
  6 rats
77 creatures vanquished.

Vanquished Creatures (collateral kills)
  An iguana (D:5)
  2 orc wizards
3 creatures vanquished.

Grand Total: 80 creatures vanquished

Notes
Turn   | Place    | Note
-------+----------+-------------------------------------------
     0 | D:1      | protoss039 the Demonspawn Earth Elementalist began the
                  | quest for the Orb.
     0 | D:1      | Reached XP level 1. HP: 13/13 MP: 3/3
   269 | D:1      | Gained mutation: You are surrounded by a mild repulsion
                  | field. (EV +2) [demonic ancestry]
   269 | D:1      | Reached XP level 2. HP: 8/20 MP: 0/5
   482 | D:1      | Reached skill level 1 in Fighting
   671 | D:1      | Found a faded altar of an unknown god.
   880 | D:1      | Learned a level 2 spell: Passwall
  1345 | D:2      | Gained mutation: A weak demonic guardian rushes to your
                  | aid. [demonic ancestry]
  1345 | D:2      | Reached XP level 3. HP: 26/26 MP: 6/6
  1641 | D:3      | Learned a level 3 spell: Stone Arrow
  1824 | D:3      | Reached skill level 1 in Armour
  1824 | D:3      | Reached XP level 4. HP: 29/32 MP: 0/7
  2535 | D:4      | Reached skill level 1 in Shields
  3026 | D:4      | You fall into a shaft and drop 2 floors!
  3040 | D:6      | Noticed Eustachio
  3041 | D:6      | Noticed a bullfrog
  3053 | D:6      | Killed a bullfrog
  3054 | D:6      | Reached XP level 5. HP: 31/38 MP: 6/8
  3058 | D:5      | Entered Level 5 of the Dungeon
  3158 | D:5      | Reached skill level 1 in Short Blades
  3802 | D:5      | Noticed a water moccasin
  3807 | D:5      | Killed a water moccasin
  3808 | D:5      | Reached XP level 6. HP: 44/44 MP: 5/10
  4010 | D:5      | Reached skill level 1 in Conjurations
  4382 | D:5      | Gained mutation: You have a pair of small horns on your
                  | head. [demonic ancestry]
  4382 | D:5      | Reached XP level 7. HP: 13/51 MP: 5/11
  5105 | D:5      | Slain by an acid dragon

Illustrated notes

Levels and vault maps discovered:
D:1:      dpeg_arrival_three_smaller_balls, layout_loops_ring,
          chequers_ecumenical_altar_simple
D:2:      layout_basic, chequers_serial_rivers_small_b
D:3:      layout_basic
D:4:      layout_layer_cave
D:5:      kennysheep_windowed_halls, layout_cave_pools, chequers_mini_garden,
          serial_bayou_lake_a
D:6:      layout_basic, serial_shops, shop, minmay_misc_feat_iff,
          kennysheep_decorative_pillar, uniq_eustachio

Skill      XL: |  1  2  3  4  5  6  7 |
---------------+----------------------+-----
Fighting       | 1 2 |  2.7
Earth Magic    | 3 |  3.6
Stealth        | 2 3 |  3.1
Armour         | 1 2 |  2.9
Shields        | 1 2 |  2.8
Dodging        | 2 |  2.8
Short Blades   | 1 |  1.8
Conjurations   | 1 2 |  2.3
Spellcasting   | 3 |  3.2
Transmutations | |  0.8

Action                     |  1- 3 |  4- 6 |  7- 9 || total
---------------------------+-------+-------+-------++-------
  Melee: Unarmed           |     8 |       |       ||     8
         Dagger            |    34 |       |       ||    34
         Short sword       |    26 |    90 |    38 ||   154
         Headbutt          |       |       |    11 ||    11
   Cast: Sandblast         |    19 |    30 |    33 ||    82
    Use: Scroll            |       |     2 |     1 ||     3
   Stab: Sleeping          |     1 |     1 |       ||     2
 Armour: Ring mail         |    34 |    54 |    60 ||   148
  Dodge: Dodged            |    45 |    51 |    34 ||   130
  Block: Buckler           |     5 |    18 |    18 ||    41

Table legend: (Time is in decaauts)
 A = Elapsed time spent in this place.
 B = Non-inter-level travel time spent in this place.
 C = Inter-level travel time spent in this place.
 D = Time resting spent in this place.
 E = Time spent auto-exploring this place.
 F = Levels seen in this place.
 G = Mean time per level.
                   A        B        C        D        E       F      G
               +--------+--------+--------+--------+--------+-----+--------+
         Total |   5181 |   4976 |    205 |    508 |   3602 |   6 |  863.5 |
       Dungeon |   5181 |   4976 |    205 |    508 |   3602 |   6 |  863.5 |
               +--------+--------+--------+--------+--------+-----+--------+

Top non-repeatable levels by time:
     D:5: 1414 daAuts
     D:4: 1209 daAuts
     D:1: 884 daAuts
     D:3: 879 daAuts
     D:2: 760 daAuts
     D:6: 32 daAuts
